 Dungeon Crawl Stone Soup version 0.28-a0-48-gfd831c5874 (webtiles) character file.

Game seed: 5204216078728932766

2 flotson the Sneak (level 1, -2/18 HPs)
             Began as a Demonspawn Delver on July 30, 2021.
             Slain by a kobold (7 damage)
             ... on level 4 of the Dungeon.
             The game lasted 00:02:42 (662 turns).

flotson the Sneak (Demonspawn Delver)                Turns: 662, Time: 00:02:42

Health: -2/18      AC:  3    Str: 12    XL:     1   Next: 33%
Magic:  1/1        EV: 12    Int: 11    God:
Gold:   12         SH:  0    Dex: 14    Spells: 0/0 levels left

rFire   . . .      SeeInvis .   a - +0 hand axe
rCold   . . .      Faith    .   (no shield)
rNeg    . . .      Spirit   .   i - +1 robe of Pandemonium {rCorr Stlth+}
rPois   .          Reflect  .   (no helmet)
rElec   .          Harm     .   (no cloak)
rCorr   +          Rampage  .   (no gloves)
Will    .....                   (no boots)
Stlth   ++++......              (no amulet)
HPRegen 0.06/turn               (no ring)
MPRegen 0.07/turn               (no ring)

@: lethally poisoned (-2 -> -4)
A: no striking features
a: no special abilities


You were on level 4 of the Dungeon.
You visited 2 branches of the dungeon, and saw 3 of its levels.

You collected 12 gold pieces.

Inventory:

Hand Weapons
 a - a +0 hand axe (weapon)
 b - a +0 hunting sling
Missiles
 k - 6 sling bullets
Armour
 d - a +0 ring mail
 i - the +1 robe of Pandemonium (worn) {rCorr Stlth+}
   (You found it on level 5 of the Dungeon)

   rCorr:     It protects you from acid and corrosion.
   Stlth:     It makes you more stealthy.
 j - a +0 scale mail
Wands
 g - a wand of digging (7)
Scrolls
 c - a scroll of fog


   Skills:
 + Level 3.0 Fighting
 + Level 1.8 Axes
 + Level 0.1 Armour
 + Level 1.8 Dodging
 - Level 4.5 Stealth


You couldn't memorise any spells.
You didn't know any spells.
Your spell library was empty.

Dungeon Overview and Level Annotations

Branches:
Dungeon (5/15)             Temple (1/1) D:5

Altars:
Elyvilon
Fedhas
Gozag
Hepliaklqana
Nemelex Xobeh
Okawaru
Ru
Trog
Wu Jian
Xom

Annotations:
D:4 Eustachio
D:5 2 runed translucent doors


Message History

Fire: 7 sling bullets
Press: ? - help, Q - select action Shift-Dir - straight line, f/p - endoplasm
Aim: an endoplasm (almost dead, 86% to hit)
You shoot a sling bullet. The sling bullet hits the endoplasm!
You kill the endoplasm!
You start resting.
A kobold comes into view.
It is wielding a +0 war axe and quivering poisoned darts.
You shoot a sling bullet.
The sling bullet closely misses the kobold.
The kobold shouts!
You hear a shout! x3
You shoot a sling bullet.
The sling bullet barely misses the kobold.
The kobold throws a poisoned dart.
The poisoned dart hits you!
You are poisoned.
You shoot a sling bullet. The sling bullet hits the kobold.
The kobold is moderately wounded.
You feel very sick.
No target in view!
No target in view!
No target in view!
No target in view!
No target in view!
No target in view!
No target in view!
No target in view!
No target in view!
No target in view!
You aren't carrying any potions.
Unknown command.
You feel sick.
You feel sick. The kobold barely misses you.
You see here 3 sling bullets.
a - a +0 hand axe (weapon)
You feel sick. The kobold closely misses you.
You barely miss the kobold.
The kobold is moderately wounded.
You feel sick. The kobold misses you.
k - 6 sling bullets (gained 3)
You feel sick. The kobold hits you with a +0 war axe!
You die...

#g# #....#
#o.###....#
#.......#
#.#..####
#....#
#...###.#
#.# ##.#
###...##..#
....(.K@.##
.(..#.####
# #


You could see a kobold.

Vanquished Creatures
  2 endoplasms (D:4)
2 creatures vanquished.

Notes
Turn   | Place    | Note
-------+----------+-------------------------------------------
     0 | D:5      | flotson the Demonspawn Delver began the quest for the Orb.
     0 | D:5      | Reached XP level 1. HP: 18/18 MP: 1/1
    14 | D:5      | Identified the +1 robe of Pandemonium {rCorr Stlth+}
    81 | D:5      | Noticed an ogre
    95 | D:5      | Noticed an ogre
    97 | D:5      | Found a staircase to the Ecumenical Temple.
    97 | D:5      | Noticed a water moccasin
   100 | D:5      | Noticed an ogre
   103 | Temple   | Entered the Ecumenical Temple
   325 | D:5      | Found a large runed translucent door.
   325 | D:5      | Found a large runed translucent door.
   350 | D:4      | Found a shimmering altar of Xom.
   592 | D:4      | Noticed Eustachio
   616 | D:4      | Noticed a quasit
   662 | D:4      | Slain by a kobold

Illustrated notes

Levels and vault maps discovered:
D:4:      layout_basic, kennysheep_little_box, xom_teletrap_fun, serial_shops,
          nicolae_shop_statue_plus, minmay_starry_boxes, uniq_eustachio
D:5:      layout_basic, jmf_multi_god_temple2, minmay_temple_entry_overgrown,
          serial_shops, shop_fountains, roderic_batcave
Temple:   nicolae_temple_figure_eight

Action                   || total
-------------------------++-------
Melee: Hand axe          ||     1
 Fire: Hunting sling     ||    14
  Use: Scroll            ||     3
       Potion            ||     1
Armor: Scale mail        ||     8
       Robe              ||     7
Dodge: Dodged            ||    23

Table legend: (Time is in decaauts)
 A = Elapsed time spent in this place.
 B = Non-inter-level travel time spent in this place.
 C = Inter-level travel time spent in this place.
 D = Time resting spent in this place.
 E = Time spent auto-exploring this place.
 F = Levels seen in this place.
 G = Mean time per level.
                   A        B        C        D        E       F      G
               +--------+--------+--------+--------+--------+-----+--------+
         Total |    644 |    612 |     32 |    217 |    209 |   3 |  214.7 |
       Dungeon |    425 |    425 |      0 |    217 |     44 |   2 |  212.5 |
        Temple |    218 |    186 |     32 |      0 |    165 |   1 |  218.0 |
               +--------+--------+--------+--------+--------+-----+--------+

Top non-repeatable levels by time:
     D:4: 310 daAuts
  Temple: 218 daAuts
     D:5: 115 daAuts
